 Dungeon Sprint DCSS version 0.17-a0-2007-g96ac4c4 (webtiles) character file.

10689 Ordine the Brawler (level 11, -26/136 HPs)
             Began as a Troll Berserker on Oct 9, 2015.
             Was a High Priest of Trog.
             Annihilated by an azure jelly (27 damage)
             ... in the Dungeon (Sprint III: "The Ten Rune Challenge").
             The game lasted 00:10:15 (1691 turns).

Ordine the Brawler (Troll Berserker)                Turns: 1691, Time: 00:10:16

Health: -26/136    AC:  5    Str: 27    XL:     11   Next: 39%
Magic:  10/10      EV: 10    Int:  3    God:    Trog [*****.]
Gold:   6587       SH:  0    Dex: 12    Spells: 0 memorised, 10 levels left

rFire  . . .     SeeInvis .       - Unarmed
rCold  . . .     Clarity  .     a - +0 animal skin
rNeg   . . .     SustAt   .     (no shield)
rPois  .         Gourm    +     (helmet restricted)
rElec  .         Spirit   .     (no cloak)
rCorr  .         Warding  .     (gloves unavailable)
rMut   .         NoTele   +     (boots unavailable)
MR     .....                    (no amulet)
Stlth  +.........               (no ring)
                                (no ring)

@: exhausted, slowed, very slow, not resistant to hostile enchantments, very
unstealthy
A: unfitting armour, claws 3, fast metabolism 3, gourmand, regeneration 2,
shaggy fur 1, tough skin 2
a: Burn Spellbooks, Berserk, Trog's Hand, Brothers in Arms, Renounce Religion


You were in the Dungeon.
You worshipped Trog.
Trog was extremely pleased with you.
You were not hungry.

You visited 1 branch You collected 6587 gold pieces.

Inventory:

Armour
 a - a +0 animal skin (worn)
Scrolls
 h - a scroll of blinking
Potions
 c - a potion of curing
 d - 4 potions of heal wounds
 e - a potion of haste
 f - 2 potions of magic
 g - a potion of berserk rage
Miscellaneous
 k - a sack of spiders
Comestibles
 b - a bread ration
 j - a royal jelly


   Skills:
 + Level 16.3 Fighting
 - Level 2.4 Dodging
 + Level 19.0 Unarmed Combat


You had 10 spell levels left.
You didn't know any spells.

Dungeon Overview and Level Annotations

Branches:
Dungeon (1/1)

Altars:
Cheibriados
Dithmenos
Elyvilon
Fedhas
Gozag
Kikubaaqudgha
Makhleb
Nemelex Xobeh
Okawaru
Qazlal
Ru
Sif Muna
Trog
Vehumet
Xom
Yredelemnul
Zin
The Shining One
Jiyva
Lugonu

Shops:
D (


Innate Abilities, Weirdness & Mutations

You are too large for most types of armour.
You have claws for hands.
Your metabolism is lightning-fast.
You like to eat raw meat.
You heal very quickly.
You are covered in fur (AC +1).
You have very tough skin (AC +2).


Message History

The azure jelly hits your ogre! The azure jelly freezes your ogre!!
The azure jelly hits your ogre. The azure jelly freezes your ogre!!
Your ogre dies!
Your ogre's corpse disappears in a puff of smoke!
There is an open door, spattered with blood here.
Things that are here:
a runed hat; a dire elephant corpse Use which ability?
Your ogre goes berserk!
You feel somewhat more hungry.
The azure jelly hits you but does no damage.
The azure jelly hits you! The azure jelly freezes you!!!
* * * LOW HITPOINT WARNING * * *
The azure jelly hits you!
* * * LOW HITPOINT WARNING * * *
The azure jelly barely misses you. x2
The azure jelly hits you.
* * * LOW HITPOINT WARNING * * *
The azure jelly freezes you!!
You die...

#..###..##.#.....#.)
#..# #..#####....#__
▓▓▓▓▓▓▓▓▓▓▓▓▓▓▓▓▓▓▓▓
▓...+.≈≈.≈§≈≈.♣♣....
▓...#≈≈≈§§§≈≈.♣♣.≈≈≈
▓.PP#≈≈≈§§§≈≈≈)'....
▓..O#.≈≈≈§§≈.≈♣♣♣♣♣♣
▓..%#≈.§§§§≈≈≈♣
▓##@####'######
▓.JJ...)........
▓#J#############
▓§J§# ▓...+ ▓...#
▓...#≈ #+####


You could see 4 azure jellies and a friendly ogre (berserk).

Vanquished Creatures
  Rupert (D)
  A dire elephant (D)
  A deep elf summoner (D)
  2 elephants (D)
  2 spiny frogs (D)
  A komodo dragon (D)
  2 deep elf priests (D)
  A fire drake (D)
  5 blink frogs (D)
  A redback (D)
  2 trapdoor spiders (D)
  A hill giant (D)
  A swamp drake (D)
  2 orc warriors (D)
  3 two-headed ogres (D)
  A water elemental (D)
  An orc priest (D)
  A wizard (D)
  A necromancer (D)
  A kobold demonologist (D)
  5 orc wizards (D)
  3 wandering mushrooms (D)
  3 humans (D)
  2 oozes (D)
  A phantom (D)
  10 orcs (D)
  2 rats (D)
57 creatures vanquished.

Vanquished Creatures (collateral kills)
  Gastronok (D)
  A dire elephant (D)
  Erolcha (D)
  2 deep elf summoners (D)
  A deep elf conjurer (D)
  A shadow (D)
  A hill giant (D)
  A spatial vortex (D)
  A necrophage (D)
  A jelly (D)
11 creatures vanquished.

Vanquished Creatures (others)
  2 draconian scorchers (D)
  A yaktaur (D)
  6 plants (D)
9 creatures vanquished.

Grand Total: 77 creatures vanquished

Notes
Turn   | Place    | Note
--------------------------------------------------------------
     0 | D        | Ordine the Troll Berserker began the quest for the Orb.
     0 | D        | Reached XP level 1. HP: 22/22 MP: 0/0
    13 | D        | Reached skill level 4 in Unarmed Combat
    13 | D        | Reached XP level 2. HP: 26/31 MP: 1/1
    30 | D        | Acquired Trog's second power
    35 | D        | Killed a yaktaur
    57 | D        | Reached skill level 5 in Unarmed Combat
    57 | D        | Reached XP level 3. HP: 32/39 MP: 2/2
   112 | D        | Noticed a water elemental
   120 | D        | Killed a water elemental
   120 | D        | Reached skill level 5 in Fighting
   120 | D        | Reached skill level 6 in Unarmed Combat
   120 | D        | Reached XP level 4. HP: 9/52 MP: 3/3
   166 | D        | Killed a white draconian scorcher
   180 | D        | Killed a white draconian scorcher
   203 | D        | Found a glowing silver altar of Zin.
   203 | D        | Found a glowing golden altar of the Shining One.
   203 | D        | Found a white marble altar of Elyvilon.
   204 | D        | Noticed a deep elf priest
   212 | D        | Killed a deep elf priest
   212 | D        | Reached skill level 8 in Fighting
   212 | D        | Reached skill level 9 in Unarmed Combat
   212 | D        | Reached XP level 5. HP: 59/63 MP: 4/4
   212 | D        | Reached XP level 6. HP: 67/72 MP: 5/5
   252 | D        | Found a radiant altar of Vehumet.
   252 | D        | Found a deep blue altar of Sif Muna.
   252 | D        | Found an ancient bone altar of Kikubaaqudgha.
   252 | D        | Noticed a wizard
   254 | D        | Killed a wizard
   254 | D        | Reached skill level 10 in Unarmed Combat
   267 | D        | Acquired Trog's third power
   288 | D        | Found an iron altar of Okawaru.
   288 | D        | Found a bloodstained altar of Trog.
   288 | D        | Noticed a human
   289 | D        | Noticed a human
   291 | D        | Killed a human
   304 | D        | Killed a human
   304 | D        | Reached skill level 11 in Unarmed Combat
   304 | D        | Reached XP level 7. HP: 28/84 MP: 6/6
   501 | D        | Noticed a jelly
   502 | D        | Noticed a shadow
   504 | D        | Killed a jelly
   505 | D        | Killed a shadow
   505 | D        | Reached skill level 10 in Fighting
   522 | D        | Found a basalt altar of Yredelemnul.
   522 | D        | Found a snail-covered altar of Cheibriados.
   522 | D        | Found a blossoming altar of Fedhas.
   522 | D        | Noticed a necrophage
   522 | D        | Noticed a necromancer
   522 | D        | Killed a necrophage
   525 | D        | Killed a necromancer
   525 | D        | Reached skill level 12 in Unarmed Combat
   699 | D        | Found a stormy altar of Qazlal.
   699 | D        | Found a sacrificial altar of Ru.
   699 | D        | Found a burning altar of Makhleb.
   699 | D        | Found a shimmering altar of Xom.
   700 | D        | Found a viscous altar of Jiyva.
   700 | D        | Found a shadowy altar of Dithmenos.
   700 | D        | Found a sparkling altar of Nemelex Xobeh.
   700 | D        | Found a corrupted altar of Lugonu.
   700 | D        | Found an opulent altar of Gozag.
   700 | D        | Noticed a spatial vortex
   715 | D        | Killed a spatial vortex
   733 | D        | Noticed a two-headed ogre
   733 | D        | Noticed a two-headed ogre
   742 | D        | Noticed a two-headed ogre
   742 | D        | Killed a two-headed ogre
   747 | D        | Killed a two-headed ogre
   754 | D        | Killed a two-headed ogre
   754 | D        | Reached XP level 8. HP: 76/96 MP: 7/7
   918 | D        | Noticed a hill giant
   927 | D        | Killed a hill giant
   968 | D        | Noticed Erolcha
   969 | D        | Noticed a hill giant
   973 | D        | Killed Erolcha
   973 | D        | Reached skill level 13 in Unarmed Combat
   975 | D        | Killed a hill giant
   987 | D        | Noticed a redback
   993 | D        | Killed a redback
   993 | D        | Reached skill level 14 in Unarmed Combat
  1074 | D        | Noticed an orc wizard
  1074 | D        | Noticed an orc priest
  1076 | D        | Noticed an orc warrior
  1076 | D        | Found Qiurch's Antique Weapon Shoppe.
  1076 | D        | Noticed an orc wizard
  1076 | D        | Noticed an orc wizard
  1076 | D        | Noticed an orc wizard
  1076 | D        | Noticed an orc wizard
  1077 | D        | Noticed an orc warrior
  1077 | D        | Killed an orc priest
  1083 | D        | Killed an orc warrior
  1083 | D        | Reached XP level 9. HP: 106/106 MP: 8/8
  1088 | D        | Killed an orc wizard
  1088 | D        | Received a gift from Trog
  1091 | D        | Killed an orc warrior
  1092 | D        | Killed an orc wizard
  1093 | D        | Killed an orc wizard
  1095 | D        | Received a gift from Trog
  1096 | D        | Killed an orc wizard
  1104 | D        | Killed an orc wizard
  1104 | D        | Received a gift from Trog
  1211 | D        | Noticed a deep elf summoner
  1211 | D        | Noticed a deep elf summoner
  1211 | D        | Noticed a deep elf priest
  1211 | D        | Noticed a deep elf summoner
  1211 | D        | Noticed a deep elf conjurer
  1216 | D        | Noticed a demonic crawler
  1216 | D        | Killed a deep elf summoner
  1219 | D        | Killed a deep elf conjurer
  1219 | D        | Reached skill level 15 in Unarmed Combat
  1223 | D        | Noticed a demonic crawler
  1223 | D        | Noticed a demonic crawler
  1225 | D        | Killed a deep elf summoner
  1233 | D        | Killed a deep elf summoner
  1233 | D        | Received a gift from Trog
  1235 | D        | Killed a deep elf priest
  1238 | D        | Noticed a deep elf annihilator
  1241 | D        | Noticed a deep elf demonologist
  1245 | D        | Noticed a deep elf conjurer
  1285 | D        | Noticed a trapdoor spider
  1285 | D        | Noticed a trapdoor spider
  1288 | D        | Killed a trapdoor spider
  1288 | D        | Reached skill level 16 in Unarmed Combat
  1288 | D        | Reached XP level 10. HP: 120/120 MP: 9/9
  1290 | D        | Killed a trapdoor spider
  1302 | D        | Noticed a wandering mushroom
  1307 | D        | Noticed a wandering mushroom
  1309 | D        | Noticed a wandering mushroom
  1316 | D        | Killed a wandering mushroom
  1328 | D        | Killed a wandering mushroom
  1334 | D        | Killed a wandering mushroom
  1340 | D        | Noticed a spiny frog
  1340 | D        | Noticed a komodo dragon
  1340 | D        | Noticed a spiny frog
  1342 | D        | Killed a spiny frog
  1344 | D        | Killed a spiny frog
  1349 | D        | Killed a komodo dragon
  1431 | D        | Noticed a swamp drake
  1431 | D        | Noticed a fire drake
  1432 | D        | Killed a swamp drake
  1435 | D        | Killed a fire drake
  1435 | D        | Reached skill level 17 in Unarmed Combat
  1441 | D        | Noticed a blink frog
  1441 | D        | Noticed a blink frog
  1441 | D        | Noticed a blink frog
  1442 | D        | Noticed a blink frog
  1443 | D        | Noticed a blink frog
  1447 | D        | Killed a blink frog
  1451 | D        | Killed a blink frog
  1451 | D        | Received a gift from Trog
  1452 | D        | Killed a blink frog
  1456 | D        | Killed a blink frog
  1462 | D        | Killed a blink frog
  1462 | D        | Reached skill level 15 in Fighting
  1589 | D        | Noticed Rupert
  1598 | D        | Killed Rupert
  1598 | D        | Reached skill level 18 in Unarmed Combat
  1598 | D        | Reached XP level 11. HP: 127/133 MP: 10/10
  1628 | D        | Noticed an azure jelly
  1628 | D        | Noticed an azure jelly
  1628 | D        | Noticed an azure jelly
  1628 | D        | Noticed an azure jelly
  1662 | D        | Noticed an elephant
  1662 | D        | Noticed an elephant
  1662 | D        | Noticed a dire elephant
  1662 | D        | Noticed a dire elephant
  1662 | D        | Noticed Gastronok
  1666 | D        | Killed Gastronok
  1666 | D        | Received a gift from Trog
  1669 | D        | Killed a dire elephant
  1678 | D        | Killed a dire elephant
  1681 | D        | Killed an elephant
  1686 | D        | Killed an elephant
  1686 | D        | Reached skill level 19 in Unarmed Combat
  1691 | D        | HP: 5/136 [azure jelly (8)]
  1691 | D        | HP: 1/136 [azure jelly (4)]
  1691 | D        | Annihilated by an azure jelly

Vault maps used:
D:        dungeon_sprint_mu

Action                   |  1- 3 |  4- 6 |  7- 9 | 10-12 || total
-------------------------+-------+-------+-------+-------++-------
Melee: Unarmed           |    32 |    21 |    68 |    56 ||   177
Invok: Berserk           |     1 |     2 |     4 |     2 ||     9
       Burn Spellbooks   |       |     1 |     1 |       ||     2
       Brothers in Arms  |       |       |     6 |     5 ||    11
 Stab: Distracted        |       |       |       |     1 ||     1
  Eat: Chunk             |     1 |     2 |    17 |     3 ||    23
       Bread ration      |       |     1 |       |       ||     1
